 Dungeon Crawl Stone Soup version 0.26.1-2-gb8aa6d0cf2 (webtiles) character file.

Game seed: 5807737464068471920

53120 Amaterasu the Carver (level 14, -11/127 HPs)
             Began as a Minotaur Fighter on Feb 11, 2021.
             Was the Champion of Okawaru.
             Mangled by an enormous slime creature (37 damage)
             ... on level 12 of the Dungeon.
             The game lasted 00:23:48 (19952 turns).

Amaterasu the Carver (Minotaur Fighter)            Turns: 19952, Time: 00:23:49

Health: -11/127    AC: 35    Str: 30    XL:     14   Next: 29%
Magic:  19/19      EV:  8    Int:  5    God:    Okawaru [******]
Gold:   1341       SH: 19    Dex: 12    Spells: 13/13 levels left

rFire    . . .     SeeInvis .   b - +2 demon blade (flame)
rCold    . . .     Faith    .   N - +0 tower shield
rNeg     . . .     Spirit   .   h - +8 crystal plate armour
rPois    +         Reflect  .   (helmet restricted)
rElec    .         Harm     .   y - +0 cloak
rCorr    .         Rampage  .   (no gloves)
Will     +....                  M - +2 pair of boots
Stlth    ..........             S - amulet of magic regeneration
HPRegen  0.31/turn              j - ring of poison resistance
MPRegen  0.41/turn              g - +6 ring of strength

@: no status effects
A: retaliatory headbutt, horns 2
a: Renounce Religion, Heroism, Finesse


You were on level 12 of the Dungeon.
You worshipped Okawaru.
Okawaru was exalted by your worship.
You visited 3 branches of the dungeon, and saw 19 of its levels.
You also visited: Ossuary.

You collected 1341 gold pieces.

Inventory:

Hand Weapons
 b - a +2 demon blade of flaming (weapon)
 B - a +3 quick blade
 P - a +1 antimagic triple sword
Armour
 h - a +8 crystal plate armour (worn)
 y - a +0 cloak (worn)
 M - a +2 pair of boots (worn)
 N - a +0 tower shield (worn)
Jewellery
 a - an uncursed ring of see invisible
 g - a +6 ring of strength (right hand)
 j - a ring of poison resistance (left hand)
 u - an uncursed ring of resist corrosion {unknown}
 x - an uncursed ring of ice {unknown}
 A - an uncursed ring of wizardry {unknown}
 E - a +4 ring of protection {unknown}
 F - a +4 ring of protection {unknown}
 G - an uncursed ring of resist corrosion {unknown}
 O - an uncursed ring of flight {unknown}
 R - a cursed ring of magical power {unknown}
 S - an amulet of magic regeneration (around neck)
Wands
 c - a wand of paralysis (7)
 d - a wand of iceblast (7)
 k - a wand of acid (17)
 t - a wand of digging (7)
 C - a wand of random effects (29)
Scrolls
 e - 7 scrolls of teleportation
 i - 13 scrolls of remove curse
 m - a scroll of fear
 n - a scroll of amnesia
 p - 6 scrolls of magic mapping
 H - 4 scrolls of blinking
 J - a scroll of holy word
 Q - a scroll of torment
Potions
 f - 2 potions of attraction
 l - 2 potions of brilliance
 o - 2 potions of magic
 q - 5 potions of lignification
 r - 3 potions of invisibility
 s - 5 potions of curing
 v - a potion of berserk rage
 w - 2 potions of might
 z - a potion of haste
 D - a potion of ambrosia
 K - 4 potions of flight
 L - a potion of resistance
Miscellaneous
 I - a lightning rod (4/4)
 T - a tin of tremorstones (2/2)
 U - a phantom mirror


   Skills:
 * Level 12.9 Fighting
 * Level 14.6 Long Blades
 * Level 12.8 Armour
 * Level 9.6 Dodging
 - Level 11.0 Shields
 - Level 8.0 Invocations
 * Level 6.7 Evocations


You had 13 spell levels left.
You didn't know any spells.
Your spell library contained the following spells:

 Spells                   Type           Power        Failure   Level
 Animate Skeleton         Necr           0%           100%        1
 Apportation              Tloc           0%           100%        1
 Corona                   Hex            0%           100%        1
 Magic Dart               Conj           0%           100%        1
 Summon Small Mammal      Summ           0%           100%        1
 Searing Ray              Conj           0%           100%        2
 Slow                     Hex            0%           100%        2
 Confusing Touch          Hex            0%           100%        3
 Dazzling Flash           Conj/Hex       0%           100%        3
 Gell's Gravitas          Tloc           0%           100%        3
 Inner Flame              Hex/Fire       0%           100%        3
 Portal Projectile        Hex/Tloc       0%           100%        3
 Vampiric Draining        Necr           0%           100%        3
 Cause Fear               Hex            0%           100%        4
 Dispel Undead            Necr           0%           100%        4
 Fulminant Prism          Conj/Hex       0%           100%        4
 Iskenderun's Mystic Bla  Conj/Tloc      0%           100%        4
 Leda's Liquefaction      Hex/Erth       0%           100%        4
 Petrify                  Tmut/Erth      0%           100%        4
 Metabolic Englaciation   Hex/Ice        0%           100%        5
 Yara's Violent Unravell  Hex/Tmut       0%           100%        5
 Death Channel            Necr           0%           100%        6


Dungeon Overview and Level Annotations

Branches:
Dungeon (12/15)            Temple (1/1) D:5            Lair (6/6) D:10
  Swamp (0/4) Lair:2       Spider (0/4) Lair:3        Slime (0/5) Lair:5
    Orc (0/2) D:11        Ossuary (visited)

Altars:
Ashenzari
Cheibriados
Elyvilon
Fedhas
Gozag
Hepliaklqana
Kikubaaqudgha
Makhleb
Nemelex Xobeh
Okawaru
Qazlal
Ru
Sif Muna
Trog
Uskayaw
Vehumet
Wu Jian
Xom
Yredelemnul
Zin
The Shining One
Jiyva

Shops:
D:11 [

Annotations:
Lair:4 exclusion: 2 oklob plants


Innate Abilities, Weirdness & Mutations

You reflexively headbutt those who attack you in melee.
You have a pair of horns on your head.


Message History

You are too injured to fight recklessly!
You are too injured to fight recklessly!
You are too injured to fight recklessly!
You are too injured to fight recklessly!
You are too injured to fight recklessly!
You are too injured to fight recklessly!
You are too injured to fight recklessly!
You are too injured to fight recklessly!
You are too injured to fight recklessly!
You are too injured to fight recklessly!
You are too injured to fight recklessly!
You are too injured to fight recklessly!
You are too injured to fight recklessly!
You are too injured to fight recklessly!
You are too injured to fight recklessly!
You slash the enormous slime creature! You burn the enormous slime creature.
You headbutt the enormous slime creature!!
The enormous slime creature is almost dead.
The enormous slime creature hits you!!!
You die...

# # .#.# # ..J.#
#...########...###
#...(.<..@J......
#..########.#####
#


You could see an enormous slime creature and a slime creature.

Vanquished Creatures
  A boulder beetle (Lair:6)
  6 hydras
  A two-headed ogre (D:8)
  A centaur warrior (D:11)
  4 death yaks
  Urug (Lair:6)
  Sonja (D:11)
  A fire crab (Lair:5)
  An unseen horror (D:9)
  Pikel (D:5)
  4 lindwurms (Lair:4)
  2 ugly things (D:11)
  A manticore (D:11)
  5 elephants (Lair:6)
  A black mamba (Lair:4)
  A cyclops (D:11)
  A centaur zombie (D:11)
  A torpor snail (Lair:6)
  29 cane toads
  A rime drake (Lair:4)
  7 komodo dragons
  3 trolls
  A hornet (D:8)
  2 tyrant leeches (Lair:6)
  16 blink frogs
  2 polar bears
  2 redbacks (Lair:3)
  A vampire (D:11)
  Sigmund (D:2)
  3 wyverns
  A basilisk (Lair:5)
  56 yaks
  A steam dragon (Lair:5)
  Menkaure (D:7)
  9 vampire mosquitoes
  5 wargs
  Edmund (D:6)
  2 acid dragons (D:11)
  12 water moccasins
  2 ice beasts (D:11)
  7 orc warriors
  A phantom (D:8)
  2 black bears
  A sky beast (D:6)
  6 wolves (Lair:5)
  2 necrophages
  4 centaurs
  An eye of draining (D:11)
  10 ogres
  30 bullfrogs
  Blork the orc (D:5)
  3 water moccasin zombies (Ossuary)
  A scorpion (D:9)
  12 wights
  9 killer bees (D:9)
  3 howler monkeys
  3 electric eels (Lair:6)
  A crimson imp (D:6)
  A bullfrog zombie (D:6)
  8 hounds
  A quasit (D:9)
  2 jellies
  10 orc priests
  8 orc wizards
  3 bullfrog skeletons
  Jessica (D:3)
  4 iguanas
  13 worker ants
  2 big kobold zombies (Ossuary)
  2 mummies (Ossuary)
  A worker ant zombie (D:11)
  7 gnolls
  A howler monkey skeleton (D:4)
  12 adders
  4 ufetubi
  2 oozes
  7 adder zombies
  4 adder skeletons
  5 worms
  A dart slug (D:2)
  4 leopard geckos
  58 orcs
  4 ball pythons
  4 giant cockroaches
  4 gnoll zombies (Ossuary)
  10 goblins
  6 hobgoblins
  26 jackals
  5 kobolds
  4 quokkas
  4 bats
  6 frilled lizards
  4 hobgoblin zombies (Ossuary)
  4 kobold zombies (Ossuary)
  A leopard gecko zombie (D:5)
  6 orc zombies (Ossuary)
  2 quokka zombies
  7 rats
  A spectral orc (D:2)
548 creatures vanquished.

Vanquished Creatures (others)
  29 fungi
  70 plants
99 creatures vanquished.

Grand Total: 647 creatures vanquished

Notes
Turn   | Place    | Note
-------+----------+-------------------------------------------
     0 | D:1      | Amaterasu the Minotaur Fighter began the quest for the Orb.
     0 | D:1      | Reached XP level 1. HP: 19/19 MP: 0/0
   147 | D:1      | Reached XP level 2. HP: 27/27 MP: 1/1
   235 | D:1      | Reached skill level 3 in Long Blades
   492 | D:2      | Found an ornate altar of the Wu Jian Council.
   510 | D:2      | Noticed Sigmund
   525 | D:2      | Killed Sigmund
   526 | D:2      | Reached skill level 5 in Fighting
   526 | D:2      | Reached skill level 5 in Long Blades
   526 | D:2      | Reached XP level 3. HP: 4/36 MP: 2/2
   526 | D:2      | Reached XP level 4. HP: 5/42 MP: 3/3
   526 | D:2      | Reached XP level 5. HP: 5/49 MP: 4/4
  1490 | D:2      | Found a basalt altar of Yredelemnul.
  1930 | D:3      | Noticed Jessica
  1937 | D:3      | Killed Jessica
  1938 | D:3      | Reached skill level 6 in Long Blades
  1938 | D:3      | Reached XP level 6. HP: 50/57 MP: 5/5
  2326 | D:4      | Found a stormy altar of Qazlal.
  2379 | D:4      | Noticed an orc warrior
  2396 | D:4      | Killed an orc warrior
  2734 | D:4      | Found a blossoming altar of Fedhas.
  2751 | D:4      | Found a hide-covered altar of Uskayaw.
  3076 | D:4      | Reached XP level 7. HP: 47/63 MP: 6/6
  3365 | D:5      | Entered Level 5 of the Dungeon
  3374 | D:5      | Reached skill level 7 in Long Blades
  3374 | D:5      | Reached skill level 1 in Dodging
  3441 | D:5      | Reached skill level 1 in Evocations
  3486 | D:5      | Found a bloodstained altar of Trog.
  3501 | D:5      | Found a staircase to the Ecumenical Temple.
  3552 | Temple   | Entered the Ecumenical Temple
  3955 | D:5      | Noticed Pikel
  3976 | D:5      | Killed Pikel
  3977 | D:5      | Reached skill level 8 in Long Blades
  3977 | D:5      | Reached skill level 5 in Armour
  3977 | D:5      | Reached XP level 8. HP: 24/73 MP: 7/7
  4469 | D:5      | Reached skill level 5 in Shields
  4569 | D:5      | Found an ancient bone altar of Kikubaaqudgha.
  5037 | D:6      | Noticed Blork the orc
  5052 | D:5      | Killed Blork the orc
  5209 | D:6      | Noticed Edmund
  5241 | D:6      | Killed Edmund
  5333 | D:6      | Reached skill level 9 in Long Blades
  5530 | D:6      | Reached XP level 9. HP: 46/82 MP: 8/8
  5982 | D:6      | Found a burning altar of Makhleb.
  6057 | D:6      | Reached skill level 10 in Long Blades
  6533 | D:6      | Identified a scroll of acquirement
  6533 | D:6      | Acquired a +2 demon blade of flaming
  6638 | D:7      | Found an iron altar of Okawaru.
  6646 | D:7      | Became a worshipper of Warmaster Okawaru
  6736 | D:7      | Found a broken altar of Ashenzari.
  6739 | D:7      | Noticed Menkaure
  6744 | D:7      | Killed Menkaure
  7013 | D:8      | Found an opulent altar of Gozag.
  7123 | D:8      | Found a sand-covered staircase.
  7132 | Ossuary  | Entered an ossuary
  7146 | Ossuary  | Reached skill level 1 in Invocations
  7149 | Ossuary  | Reached skill level 10 in Fighting
  7249 | Ossuary  | Reached skill level 11 in Long Blades
  7321 | D:8      | Noticed a two-headed ogre
  7329 | D:8      | Killed a two-headed ogre
  7329 | D:8      | Reached * piety under Okawaru
  7329 | D:8      | Reached ** piety under Okawaru
  7330 | D:8      | Reached XP level 10. HP: 70/93 MP: 8/10
  7619 | D:8      | Paralysed by a hornet for 2 turns
  7697 | D:8      | Reached skill level 12 in Long Blades
  8923 | D:9      | Reached *** piety under Okawaru
  9828 | D:9      | Noticed an unseen horror
  9837 | D:9      | Killed an unseen horror
  9837 | D:9      | Reached **** piety under Okawaru
  9838 | D:9      | Reached skill level 13 in Long Blades
 10408 | D:10     | Entered Level 10 of the Dungeon
 10833 | D:10     | Reached XP level 11. HP: 102/102 MP: 12/12
 11098 | D:10     | Found a staircase to the Lair.
 11664 | Lair:1   | Entered Level 1 of the Lair of Beasts
 11921 | Lair:1   | Reached ***** piety under Okawaru
 11938 | Lair:1   | Reached skill level 14 in Long Blades
 12276 | Lair:1   | Reached skill level 5 in Dodging
 12507 | Lair:2   | Received a gift from Okawaru
 12508 | Lair:2   | Reached skill level 5 in Invocations
 12692 | Lair:2   | Found a staircase to the Swamp.
 13243 | Lair:2   | Noticed an eight-headed hydra
 13251 | Lair:2   | Killed a four-headed hydra
 13251 | Lair:2   | Received a gift from Okawaru
 13678 | Lair:3   | Reached XP level 12. HP: 92/110 MP: 15/15
 13684 | Lair:3   | Reached skill level 10 in Armour
 13976 | Lair:3   | Found a stormy altar of Qazlal.
 14052 | Lair:3   | You fall into a shaft and drop 2 floors!
 14233 | Lair:4   | Noticed a death yak
 14235 | Lair:4   | Noticed a death yak
 14235 | Lair:4   | Noticed a death yak
 14261 | Lair:4   | Killed a death yak
 14267 | Lair:4   | Killed a death yak
 14271 | Lair:4   | Killed a death yak
 14306 | Lair:3   | Found a hole to the Spider Nest.
 14555 | Lair:3   | Received a gift from Okawaru
 16047 | Lair:5   | Found a viscous altar of Jiyva.
 16047 | Lair:5   | Found a staircase to the Slime Pits.
 16454 | Lair:6   | Entered Level 6 of the Lair of Beasts
 16459 | Lair:6   | Received a gift from Okawaru
 16533 | Lair:6   | Reached skill level 5 in Evocations
 16535 | Lair:6   | Reached XP level 13. HP: 113/118 MP: 17/17
 16548 | Lair:6   | Reached ****** piety under Okawaru
 17344 | Lair:6   | Noticed Urug
 17345 | Lair:6   | Received a gift from Okawaru
 17362 | Lair:6   | Killed Urug
 17813 | Lair:6   | Identified Otrof's Catalogue of Stolen Souls
 17873 | Lair:6   | Received a gift from Okawaru
 18310 | Lair:6   | Reached skill level 10 in Shields
 18310 | Lair:6   | Reached XP level 14. HP: 127/127 MP: 19/19
 19122 | D:11     | Found Forhuk's Armour Shoppe.
 19148 | D:11     | Noticed Sonja
 19179 | D:11     | Killed Sonja
 19753 | D:11     | Found a blossoming altar of Fedhas.
 19917 | D:11     | Found a staircase to the Orcish Mines.
 19952 | D:12     | Mangled by an enormous slime creature

Illustrated notes

Levels and vault maps discovered:
D:1:      minmay_arrival_cross, layout_rooms
D:2:      layout_basic, yredelemnul_forgotten_temple_becter,
          lemuel_doored_altar, uniq_sigmund
D:3:      layout_basic, uniq_jessica
D:4:      layout_rooms, grunt_temple_overflow_forces_of_nature,
          nicolae_overflow_crystal_walls, minivault_14
D:5:      layout_layer_cave, nicolae_overflow_hidden_temple,
          kiku_gazebo_garden_becter, minmay_temple_entry_trees, uniq_pikel
D:6:      layout_rooms, makhleb_grotto_becter, uniq_edmund, uniq_blork_the_orc
D:7:      layout_cave_pods, okawaru_ov_weapons_minmay, old_standard_altar,
          kennysheep_mini_moat, minmay_circle_x, uniq_menkaure
D:8:      layout_layer_cave, nicolae_gozag_cash_rules_everything_around_me,
          nicolae_ossuary_entry_ruins
D:9:      layout_layer_cave, grunt_ministairs_2, minmay_increasing_density
D:10:     layout_roguey, erik_lair_orcish_takeover
D:11:     layout_rooms, minmay_orc_entry_guard_dogs, serial_shops,
          kennysheep_mini, minivault_16, fedhas_altar_4, uniq_sonja
D:12:     kennysheep_green_arena, layout_loops_ring, basic_altar
Temple:   zaba_magenta_temple
Lair:1:   layout_chaotic_city, minivault_25, minmay_holes
Lair:2:   layout_gridlike, minmay_swamp_entry_swarm
Lair:3:   layout_hall_layers, spider_nest_entry_webs, amcnicky_altar_gilded,
          infiniplex_staircase_pool_2
Lair:4:   layout_cave_pods, minmay_lindwurm_lava, minmay_lair_oklob_chamber
Lair:5:   layout_cave_pods, slime_altar_1, nicolae_volcano_entry_two_sided,
          chequers_serial_rivers_micro_e, serial_bayou_shore_a,
          grunt_megastairs_4, infiniplex_staircase_pool, lemuel_fruit_fields
Lair:6:   minmay_lair_end_frog_pond, layout_regular_city, uniq_urug

Skill      XL: |  1  2  3  4  5  6  7  8  9 10 11 12 13 14 |
---------------+-------------------------------------------+-----
Fighting       | 4 5 6 7 8 10 11 12 | 12.9
Long Blades    | 5 6 8 9 11 13 14 | 14.6
Armour         | 4 5 6 7 9 12 | 12.8
Shields        | 4 5 8 10 11 | 11.0
Dodging        | 2 3 4 6 7 9 |  9.6
Evocations     | 1 3 5 6 |  6.7
Invocations    | 1 3 5 6 8 |  8.0

Action                   |  1- 3 |  4- 6 |  7- 9 | 10-12 | 13-15 || total
-------------------------+-------+-------+-------+-------+-------++-------
Melee: Long sword        |    55 |   149 |   208 |       |       ||   412
       Headbutt          |    10 |    22 |    67 |   144 |   151 ||   394
       Demon blade       |       |       |   123 |   685 |   582 ||  1390
Invok: Heroism           |       |       |       |     2 |     1 ||     3
Evoke: Wand              |       |       |     1 |       |       ||     1
  Use: Scroll            |     4 |     4 |    12 |    17 |     3 ||    40
       Potion            |       |     1 |     2 |     1 |     2 ||     6
Armor: Scale mail        |    16 |    43 |    18 |       |       ||    77
       Plate armour      |       |       |    31 |       |       ||    31
       Crystal plate arm |       |       |    71 |   323 |   278 ||   672
Dodge: Dodged            |    15 |    52 |    49 |    95 |   103 ||   314
Block: Kite shield       |    26 |    91 |   142 |   320 |       ||   579
       Tower shield      |       |       |       |    41 |   525 ||   566
       Rpst.: Long sword |     4 |    13 |     5 |       |       ||    22
       Demon blade       |       |       |     1 |    21 |    21 ||    43
